 Dungeon Crawl Stone Soup version 0.30-a0-378-g86d51d8b50 (webtiles) character file.

Game seed: 4899854888360643848

42651 Engwar the Cleaver (level 13, 0/156 HPs)
             Began as a Gnoll Reaver on Dec 1, 2022.
             Was the Champion of Ru.
             Slain by a death yak (21 damage)
             ... on level 5 of the Lair of Beasts.
             The game lasted 01:04:41 (22104 turns).

Engwar the Cleaver (Gnoll Reaver)                  Turns: 22104, Time: 01:04:42

Health: 0/156      AC: 14    Str: 12    XL:     13   Next: 20%
Magic:  24/24      EV: 14    Int: 22    God:    Ru [******]
Gold:   1449       SH:  7    Dex: 23    Spells: 7/33 levels left

rFire   + . .      SeeInvis .    u - +13 Maxwell's thermic engine {flame, freeze}
rCold   + . .      Faith    .    C - +0 buckler
rNeg    . . .      Spirit   .    K - +1 leather armour of Freedom {rPois Will+ Dex+4}
rPois   +          Reflect  .    s - +2 hat
rElec   .          Harm     .    r - +2 cloak {rCorr}
rCorr   +          Rampage  .    y - +2 pair of gloves
Will    .....                    g - +1 pair of boots "Maceapin" {rCorr Dex+4}
Stlth   ..........               G - amulet of the acrobat
HPRegen 0.46/turn                H - ring of the Solstice {rF+ rC+ Will- Int+6 Dex+3}
MPRegen 0.19/turn                b - ring of wizardry

@: berserking, very quick
A: fangs 1, low MP 1, inability to use devices, inability to train armour,
reduced EV 1, inexperienced 1, strong nose, distributed training
a: Renounce Religion, Draw Out Power, Power Leap, Apocalypse


You were on level 5 of the Lair of Beasts.
You worshipped Ru.
Ru was exalted by your worship.
You visited 3 branches of the dungeon, and saw 16 of its levels.
You also visited: Gauntlet and Ice Cave.

You collected 1449 gold pieces.

Inventory:

Hand Weapons
 u - the +13 Maxwell's thermic engine (weapon) {flame, freeze}
   (You found it in an ice cave)

   It burns those it strikes, dealing additional fire damage.
   Big, fiery blades are also staple armaments of hydra-hunters.
   It freezes those it strikes, dealing additional cold damage.
   It can also slow down cold-blooded creatures.
   It becomes more effective when it hits something.
   This effect fades over time.
Missiles
 c - 62 poisoned darts (quivered)
 n - 2 silver boomerangs
 x - 2 throwing nets
 z - 3 curare-tipped darts
Armour
 g - the +1 pair of boots "Maceapin" (worn) {rCorr Dex+4}
   (You found it in an ice cave)

   Dex:       It affects your dexterity (+4).
   rCorr:     It protects you from acid and corrosion.
 q - a +0 kite shield
 r - a +2 cloak of preservation (worn)
 s - a +2 hat (worn)
 y - a +2 pair of gloves (worn)
 C - a +0 buckler (worn)
 K - the +1 leather armour of Freedom (worn) {rPois Will+ Dex+4}
   (You found it in a Gauntlet)

   Dex:       It affects your dexterity (+4).
   rPois:     It protects you from poison.
   Will:      It increases your willpower.
Jewellery
 b - a ring of wizardry (right hand)
 v - a ring of ice
 E - a ring of willpower
 G - an amulet of the acrobat (around neck)
 H - the ring of the Solstice (left hand) {rF+ rC+ Will- Int+6 Dex+3}
   (You found it in a Gauntlet)

   [ring of intelligence]

   Int:       It affects your intelligence (+6).
   Dex:       It affects your dexterity (+3).
   rF:        It protects you from fire.
   rC:        It protects you from cold.
   Will:      It decreases your willpower.
 I - the ring "Sererphui" {rElec rN+}
   (You found it on level 5 of the Lair of Beasts)

   [ring of positive energy]

   rElec:     It insulates you from electricity.
   rN:        It protects you from negative energy.
Scrolls
 d - 3 scrolls of poison
 e - 6 scrolls of fear
 f - 7 scrolls of vulnerability
 h - a scroll of blinking
 j - a scroll of summoning
 o - 3 scrolls of identify
 A - a scroll of butterflies
 D - 2 scrolls of teleportation
 F - a scroll of brand weapon
Potions
 a - a potion of attraction
 i - 2 potions of curing
 k - 5 potions of berserk rage
 l - 2 potions of haste
 m - 3 potions of invisibility
 p - a potion of lignification
 t - 3 potions of mutation
 w - a potion of flight {unknown}
 B - a potion of might


   Skills:
 + Level 10.4 Fighting
 + Level 9.3 Short Blades
 + Level 9.3 Long Blades
 + Level 11.4 Axes
 + Level 9.3 Maces & Flails
 + Level 9.3 Polearms
 + Level 9.3 Staves
 + Level 9.3 Ranged Weapons
 + Level 9.3 Throwing
   Level 0.0 Armour
 + Level 10.4 Dodging
 + Level 9.3 Stealth
 + Level 9.3 Shields
 + Level 9.3 Unarmed Combat
 + Level 10.6 Spellcasting
 + Level 9.6 Conjurations
 + Level 7.8 Hexes
 + Level 7.8 Summonings
 + Level 7.8 Necromancy
 + Level 7.8 Translocations
 + Level 7.8 Transmutations
 + Level 7.8 Fire Magic
 + Level 7.8 Ice Magic
 + Level 7.8 Air Magic
 + Level 7.8 Earth Magic
 + Level 7.8 Poison Magic
 + Level 10.2 Invocations
   Level 0.0 Evocations


You had 7 spell levels left.
You knew the following spells:

 Your Spells              Type           Power      Damage    Failure   Level
a - Kiss of Death         Conj/Necr      100%       2d13      1%          1
b - Teleport Other        Tloc           46%        N/A       1%          3
d - Starburst             Conj/Fire      25%        6d8       16%         6
e - Frozen Ramparts       Ice            92%        1d14      1%          3
f - Fireball              Conj/Fire      25%        3d11      2%          5
g - Ice Form              Ice/Tmut       46%        N/A       1%          4
h - Manifold Assault      Tloc           46%        N/A       1%          4

Your spell library contained the following spells:

 Spells                   Type           Power      Damage    Failure   Level
 Foxfire                  Conj/Fire      100%       2x1d9     1%          1
 Freeze                   Ice            100%       1d10      1%          1
 Magic Dart               Conj           100%       1d8       1%          1
 Call Imp                 Summ           46%        N/A       1%          2
 Cigotuvi's Dreadful Rot  Necr/Pois/Air  92%        N/A       1%          2
 Momentum Strike          Conj/Tloc      100%       3d10      1%          2
 Gell's Gravitas          Tloc           46%        N/A       1%          3
 Hailstorm                Conj/Ice       50%        3d11      1%          3
 Kindle Blastsparks       Fire/Tloc/Air  92%        2d17      1%          3
 Lesser Beckoning         Tloc           92%        N/A       1%          3
 Mephitic Cloud           Conj/Pois/Air  48%        N/A       1%          3
 Portal Projectile        Hex/Tloc       92%        N/A       1%          3
 Tukima's Dance           Hex            46%        N/A       1%          3
 Dispel Undead            Necr           46%        3d18      1%          4
 Fulminant Prism          Conj/Hex       25%        3d14      1%          4
 Iskenderun's Mystic Bla  Conj/Tloc      50%        2d11      1%          4
 Summon Ice Beast         Ice/Summ       46%        N/A       1%          4
 Blade Hands              Tmut           23%        N/A       4%          5
 Lee's Rapid Deconstruct  Erth           23%        3d13*     4%          5
 Death Channel            Necr           23%        N/A       22%         6
 Dispersal                Tloc           23%        N/A       22%         6
 Simulacrum               Ice/Necr       23%        N/A       22%         6
 Ozocubu's Refrigeration  Ice            23%        4d12      75%         7
 Borgnjor's Revivificati  Necr           23%        N/A       100%        8
 Disjunction              Tloc           23%        N/A       100%        8
 Necromutation            Tmut/Necr      23%        N/A       100%        8
 Death's Door             Necr           23%        N/A       100%        9


Dungeon Overview and Level Annotations

Branches:
Dungeon (10/15)            Temple (1/1) D:4            Lair (5/5) D:8
 Shoals (0/4) Lair:3        Snake (0/4) Lair:3          Orc (0/2) D:9
  IceCv (visited)         Gauntlet (visited)
  Slime: Lair:4-5

Altars:
Ashenzari
Cheibriados
Dithmenos
Elyvilon
Fedhas
Gozag
Hepliaklqana
Kikubaaqudgha
Makhleb
Nemelex Xobeh
Okawaru
Qazlal
Ru
Sif Muna
Trog
Uskayaw
Vehumet
Wu Jian
Xom
Yredelemnul
Zin

Annotations:
D:9 2 transporters, voshxx's ghost, journeyman GnIE
Lair:2 exclusion: oklob plant


Innate Abilities, Weirdness & Mutations

You have very sharp teeth.
Your magical capacity is low. (-10% MP)
You cannot study or use magical devices.
You cannot train Armour skill.
You have somewhat slow reflexes. (EV -5)
You are somewhat inexperienced. (-1 XL)
Your uncanny sense of smell can sniff out nearby items.
Your experience applies equally to all skills.


Message History

You hit the death yak. You burn the death yak. You freeze the death yak.
You bite the death yak, but do no damage.
The death yak is lightly wounded.
The death yak gores you but does no damage.
You block the death yak's attack.
You hit the death yak. You burn the death yak. You freeze the death yak.
The death yak is lightly wounded.
The death yak gores you but does no damage.
The death yak barely misses you.
You hit the death yak but do no damage. You freeze the death yak.
The death yak is lightly wounded.
The death yak gores you!
You focus your inner power and blind the death yak in retribution!
The death yak gores you!
You slice the death yak!! You burn the death yak! You freeze the death yak.
The death yak is severely wounded.
The death yak completely misses you. The death yak gores you!!
* * * LOW HITPOINT WARNING * * *
You catch the helpless death yak completely off-guard!
You hit the death yak but do no damage. You freeze the death yak.
You bite the death yak, but do no damage.
The death yak is severely wounded.
The death yak is stunned by your conviction and fails to attack.
The death yak gores you.
* * * LOW HITPOINT WARNING * * *
You focus your inner power and illuminate the death yak in retribution!
Okay, then.
A red film seems to cover your vision as you go berserk!
You feel yourself moving faster!
You feel mighty! The death yak completely misses you.
The death yak closely misses you.
You catch the helpless death yak completely off-guard!
You slice the death yak!! You burn the death yak.
You kill the death yak!
The death yak stops glowing.
The death yak barely misses you.
Your life force feels restored.
You slice the death yak!! You burn the death yak. You freeze the death yak.
The death yak is moderately wounded.
You feel less exhausted. The death yak gores you!!
You die...

.........# ##.### ##.###..÷##
........[# ##....####........##
.........###......##....P###..###
..........###......#...### ##..##
..........# #..##.....## #...÷
..........# #...###.### ###÷8
..........####...####### #...
...........# ##...###..# #PP..
...........## ##@....P## ####.
............###Y†....### ##
................8......###
....................8....#######
.................8.............##
........../..........8..........
.............8.................
..............................
..............................


You could see a death yak.

Vanquished Creatures
  An entropy weaver (Gauntlet)
  4 hydras
  3 catoblepae (Lair:5)
  8 death yaks
  A centaur warrior (D:10)
  A fire crab (Lair:4)
  A lindwurm (Lair:4)
  An orc knight (D:10)
  An ugly thing (IceCv)
  2 manticores (Lair:5)
  2 ice statues (IceCv)
  A centaur zombie (Gauntlet)
  Joseph (D:9)
  A black mamba (Lair:5)
  13 cane toads
  5 torpor snails (Lair:1)
  2 rime drakes (Lair:4)
  A spectral redback (Gauntlet)
  An unseen horror (D:9)
  4 komodo dragons
  An anaconda simulacrum (IceCv)
  A freezing wraith (IceCv)
  2 merfolk (Lair:3)
  2 hornets
  Prince Ribbit (D:7)
  7 blink frogs
  A polar bear (Lair:4)
  6 dream sheep
  2 jumping spiders (Gauntlet)
  7 spriggans (Lair:1)
  A shadow (D:5)
  5 wyverns
  44 yaks
  4 basilisks
  A death yak simulacrum (IceCv)
  An acid dragon (D:9)
  11 water moccasins
  5 orc warriors
  2 sky beasts
  3 black bears
  12 wolves
  4 ogres
  2 centaurs
  3 phantoms
  5 kobold brigands
  8 bullfrogs
  2 scorpions
  2 gnoll sergeants (D:9)
  2 necrophages
  8 wights
  2 killer bees
  An elephant simulacrum (IceCv)
  4 howler monkeys
  3 hounds
  2 jellies
  Crazy Yiuf (D:2)
  7 orc priests
  A gnoll bouda (D:8)
  Terence (D:2)
  2 hell rats (Lair:3)
  Natasha (twice) (D:2)
  3 iguanas
  5 orc wizards
  A polar bear simulacrum (IceCv)
  Robin (D:3)
  8 adders
  19 gnolls
  8 river rats (Lair:3)
  A shadow imp (D:8)
  2 white imps
  5 worms
  3 dart slugs
  29 orcs
  4 ball pythons
  4 endoplasms
  A giant cockroach (D:2)
  11 goblins
  9 hobgoblins
  3 jackals (D:1)
  4 quokkas
  4 bats
  2 frilled lizards
  12 kobolds
  8 rats
382 creatures vanquished.

Vanquished Creatures (collateral kills)
  A troll (D:9)
  An ogre (D:9)
  2 kobold brigands (D:9)
  A gnoll sergeant (D:9)
5 creatures vanquished.

Vanquished Creatures (others)
  A minotaur (Gauntlet)
  A hydra (Lair:3)
  A death drake (Gauntlet)
  A black bear (D:5)
  Ijyb (D:2)
  Natasha (D:2)
  2 orcs
  A kobold (D:9)
  8 fungi
  33 plants
50 creatures vanquished.

Grand Total: 437 creatures vanquished

Notes
Turn   | Place    | Note
-------+----------+-------------------------------------------
     0 | D:1      | Engwar the Gnoll Reaver began the quest for the Orb.
     0 | D:1      | Reached XP level 1. HP: 20/20 MP: 6/6
   162 | D:1      | Reached XP level 2. HP: 22/26 MP: 7/7
  1063 | D:2      | Reached skill level 5 in Spellcasting
  1063 | D:2      | Reached XP level 3. HP: 30/31 MP: 7/9
  1094 | D:2      | Learned a level 1 spell: Freeze
  1158 | D:2      | Reached skill level 1 in Invocations
  1222 | D:2      | Noticed Natasha
  1353 | D:2      | Killed Natasha
  1354 | D:2      | Reached skill level 1 in Short Blades
  1354 | D:2      | Reached skill level 1 in Long Blades
  1354 | D:2      | Reached skill level 1 in Maces & Flails
  1354 | D:2      | Reached skill level 1 in Polearms
  1354 | D:2      | Reached skill level 1 in Staves
  1354 | D:2      | Reached skill level 1 in Ranged Weapons
  1354 | D:2      | Reached skill level 1 in Throwing
  1354 | D:2      | Reached skill level 1 in Armour
  1354 | D:2      | Reached skill level 1 in Stealth
  1354 | D:2      | Reached skill level 1 in Shields
  1354 | D:2      | Reached skill level 1 in Unarmed Combat
  1354 | D:2      | Reached skill level 1 in Evocations
  1354 | D:2      | Reached XP level 4. HP: 7/38 MP: 11/11
  1491 | D:2      | Found a runed translucent door.
  1492 | D:2      | Identified a +1 cloak of preservation
  1492 | D:2      | Noticed Crazy Yiuf
  1663 | D:2      | Noticed Natasha
  1669 | D:2      | Learned a level 2 spell: Momentum Strike
  1688 | D:2      | Killed Natasha
  1689 | D:2      | Reached skill level 1 in Hexes
  1689 | D:2      | Reached skill level 1 in Summonings
  1689 | D:2      | Reached skill level 1 in Necromancy
  1689 | D:2      | Reached skill level 1 in Translocations
  1689 | D:2      | Reached skill level 1 in Transmutations
  1689 | D:2      | Reached skill level 1 in Fire Magic
  1689 | D:2      | Reached skill level 1 in Ice Magic
  1689 | D:2      | Reached skill level 1 in Air Magic
  1689 | D:2      | Reached skill level 1 in Earth Magic
  1689 | D:2      | Reached skill level 1 in Poison Magic
  1753 | D:2      | Found a faded altar of an unknown god.
  1808 | D:2      | Noticed Terence
  1821 | D:2      | Killed Terence
  2206 | D:2      | Noticed Natasha
  2213 | D:2      | Killed Natasha
  2305 | D:2      | Killed Crazy Yiuf
  2364 | D:3      | Noticed Ijyb
  2382 | D:2      | Killed Ijyb
  2501 | D:3      | Reached XP level 5. HP: 37/37 MP: 12/12
  2686 | D:3      | Found an ornate altar of the Wu Jian Council.
  2981 | D:3      | Noticed Robin
  3003 | D:3      | Killed Robin
  3509 | D:4      | Found a staircase to the Ecumenical Temple.
  3521 | Temple   | Entered the Ecumenical Temple
  3561 | Temple   | Became a worshipper of Ru the Awakened
  3583 | D:4      | Found a burning altar of Makhleb.
  3586 | D:4      | Found a stormy altar of Qazlal.
  3589 | D:4      | Found a white marble altar of Elyvilon.
  3589 | D:4      | Found a basalt altar of Yredelemnul.
  3596 | D:4      | Found a blossoming altar of Fedhas.
  3639 | D:3      | HP: 2/43 [gnoll/+0 flail (15)]
  3884 | D:4      | Reached XP level 6. HP: 47/50 MP: 13/13
  4099 | D:4      | Found a sparkling altar of Nemelex Xobeh.
  4275 | D:4      | Reached skill level 5 in Fighting
  4275 | D:4      | Reached skill level 5 in Dodging
  4607 | D:4      | Learned a level 3 spell: Hailstorm
  4613 | D:5      | Entered Level 5 of the Dungeon
  4984 | D:5      | Reached skill level 7 in Axes
  4984 | D:5      | Reached XP level 7. HP: 37/56 MP: 13/15
  5110 | D:5      | Learned a level 3 spell: Teleport Other
  5114 | D:5      | Learned a level 3 spell: Frozen Ramparts
  5508 | D:5      | Found a broken altar of Ashenzari.
  5870 | D:6      | Reached XP level 8. HP: 9/63 MP: 16/16
  5874 | D:6      | HP: 3/63 [poisoned by a water moccasin]
  6505 | D:6      | Gained mutation: You cannot study or use magical devices.
                  | [Ru sacrifice]
  6505 | D:6      | Reached * piety under Ru
  6505 | D:6      | Reached ** piety under Ru
  6909 | D:6      | Noticed a boulder beetle
  6911 | D:6      | Noticed a shadow
  7008 | D:5      | Killed a shadow
  7328 | D:7      | Reached XP level 9. HP: 31/64 MP: 18/18
  7910 | D:7      | Noticed Prince Ribbit
  7945 | D:7      | Killed Prince Ribbit
  8411 | D:7      | Reached skill level 8 in Axes
  8792 | D:8      | Reached skill level 5 in Invocations
  9031 | D:8      | Found a staircase to the Lair.
  9351 | D:8      | Reached skill level 5 in Short Blades
  9351 | D:8      | Reached skill level 5 in Long Blades
  9351 | D:8      | Reached skill level 5 in Maces & Flails
  9351 | D:8      | Reached skill level 5 in Polearms
  9351 | D:8      | Reached skill level 5 in Staves
  9351 | D:8      | Reached skill level 5 in Ranged Weapons
  9351 | D:8      | Reached skill level 5 in Throwing
  9351 | D:8      | Reached skill level 5 in Armour
  9351 | D:8      | Reached skill level 5 in Stealth
  9351 | D:8      | Reached skill level 5 in Shields
  9351 | D:8      | Reached skill level 5 in Unarmed Combat
  9351 | D:8      | Reached XP level 10. HP: 42/77 MP: 20/20
 10217 | D:8      | Identified the +8 dagger of Vanity {vorpal, Fragile rCorr
                  | Int+6}
 10226 | D:8      | Learned a level 5 spell: Fireball
 10504 | D:8      | Identified the +3 plate armour of the Distant Future {-Cast
                  | rElec rC+ rN+}
 10981 | D:9      | Gained mutation: You are somewhat inexperienced. (-1 XL)
                  | [Ru sacrifice]
 10981 | D:9      | Reached XP level 9. HP: 69/69 MP: 20/20
 10981 | D:9      | Reached *** piety under Ru
 11268 | D:9      | Found a staircase to the Orcish Mines.
 11509 | D:9      | Learned a level 4 spell: Ice Form
 11530 | D:9      | Noticed Joseph
 11539 | D:9      | Killed Joseph
 11540 | D:9      | Reached skill level 9 in Axes
 11680 | D:9      | Reached skill level 5 in Hexes
 11680 | D:9      | Reached skill level 5 in Summonings
 11680 | D:9      | Reached skill level 5 in Necromancy
 11680 | D:9      | Reached skill level 5 in Translocations
 11680 | D:9      | Reached skill level 5 in Transmutations
 11680 | D:9      | Reached skill level 5 in Fire Magic
 11680 | D:9      | Reached skill level 5 in Ice Magic
 11680 | D:9      | Reached skill level 5 in Air Magic
 11680 | D:9      | Reached skill level 5 in Earth Magic
 11680 | D:9      | Reached skill level 5 in Poison Magic
 11701 | D:9      | Reached XP level 10. HP: 72/80 MP: 21/21
 11791 | D:9      | Noticed voshxx's ghost (journeyman GnIE)
 11791 | D:9      | Noticed a deep troll
 11799 | D:9      | Found a bloodstained altar of Trog.
 11800 | D:9      | Noticed a two-headed ogre
 11819 | D:9      | Found a transporter.
 11829 | D:9      | Noticed a moth of wrath
 11840 | D:9      | Found a transporter.
 11927 | D:10     | Entered Level 10 of the Dungeon
 12130 | D:10     | Noticed an orc knight
 12156 | D:10     | Killed an orc knight
 12379 | D:10     | Noticed a centaur warrior
 12390 | D:10     | Killed a centaur warrior
 12525 | D:10     | Identified the +2 leather armour of Sin {Str+4}
 12525 | D:10     | Noticed a red ugly thing
 12536 | D:10     | Noticed a brown ugly thing
 12605 | Lair:1   | Entered Level 1 of the Lair of Beasts
 12684 | Lair:1   | Learned a level 6 spell: Starburst
 13110 | Lair:1   | Found an opulent altar of Gozag.
 13985 | Lair:1   | Found a snail-covered altar of Cheibriados.
 13997 | Lair:1   | Reached XP level 11. HP: 64/87 MP: 23/23
 14373 | Lair:1   | Gained mutation: You cannot train Armour skill. [Ru
                  | sacrifice]
 14373 | Lair:1   | Reached **** piety under Ru
 14373 | Lair:1   | Reached ***** piety under Ru
 15109 | Lair:2   | Found a gate leading to a gauntlet.
 15124 | Gauntlet | Entered a Gauntlet
 15124 | Gauntlet | Found a transporter.
 15128 | Gauntlet | Found a transporter.
 15132 | Gauntlet | Found a transporter.
 15136 | Gauntlet | Found a transporter.
 15141 | Gauntlet | Found a transporter.
 15141 | Gauntlet | Found a transporter.
 15145 | Gauntlet | Noticed an entropy weaver
 15151 | Gauntlet | Found a transporter.
 15172 | Gauntlet | Found a transporter.
 15183 | Gauntlet | Found a transporter.
 15187 | Gauntlet | Found a transporter.
 15196 | Gauntlet | Found a transporter.
 15226 | Gauntlet | Killed an entropy weaver
 15253 | Gauntlet | Identified the ring of the Solstice {rF+ rC+ Will- Int+6
                  | Dex+3}
 15407 | Gauntlet | Identified the +0 hat "Qaxyuts" {+Blink rN+ Int+3}
 15424 | Gauntlet | Reached skill level 10 in Axes
 15659 | Gauntlet | Noticed a minotaur
 15669 | Gauntlet | Killed a minotaur
 15673 | Gauntlet | Identified the +1 leather armour of Freedom {rPois Will+
                  | Dex+4}
 16668 | Lair:2   | Found a sparkling altar of Nemelex Xobeh.
 16956 | Lair:3   | Noticed a five-headed hydra
 16963 | Lair:3   | Killed a five-headed hydra
 17841 | Lair:3   | Found a staircase to the Shoals.
 17858 | Lair:3   | HP: 3/89 [merfolk/+0 trident (23)]
 18235 | Lair:3   | Gained mutation: You have somewhat slow reflexes. (EV -5)
                  | [Ru sacrifice]
 18493 | Lair:3   | Noticed a five-headed hydra
 18513 | Lair:3   | Killed a five-headed hydra
 18514 | Lair:3   | Reached XP level 12. HP: 96/96 MP: 21/25
 18941 | Lair:3   | Found a staircase to the Snake Pit.
 19458 | Lair:4   | Learned a level 4 spell: Manifold Assault
 19555 | Lair:4   | Found a frozen archway.
 19632 | IceCv    | Entered an ice cave
 19896 | IceCv    | Found a transporter.
 19905 | IceCv    | Found the +2 Maxwell's thermic engine {flame, freeze}
 19909 | IceCv    | Identified the +1 pair of boots "Maceapin" {rCorr Dex+4}
 19918 | IceCv    | Found a transporter.
 19976 | IceCv    | Got the Secrets of Hoarfrost
 20527 | Lair:4   | Reached skill level 10 in Spellcasting
 21020 | Lair:5   | Entered Level 5 of the Lair of Beasts
 21043 | Lair:5   | Reached skill level 10 in Fighting
 21043 | Lair:5   | Reached skill level 11 in Axes
 21043 | Lair:5   | Reached skill level 10 in Dodging
 21482 | Lair:5   | Gained mutation: Your magical capacity is low. (-10% MP)
                  | [Ru sacrifice]
 21482 | Lair:5   | Reached ****** piety under Ru
 21715 | Lair:5   | Reached XP level 13. HP: 85/103 MP: 24/24
 21726 | Lair:5   | Reached skill level 10 in Invocations
 21979 | Lair:5   | Identified the ring "Sererphui" {rElec rN+}
 22104 | Lair:5   | Slain by a death yak

Illustrated notes

Levels and vault maps discovered:
D:1:      ncdulo_watergridlock, layout_loops_corners, minmay_misc_feat_iff
D:2:      layout_loops_ring, nicolae_ecumenical_lake_church, uniq_terence,
          uniq_crazy_yiuf_cottage, uniq_natasha
D:3:      layout_loops_cross, nzn_wu_jian_contemplation, uniq_ijyb, uniq_robin
D:4:      mumra_celtic_spiral_tile, layout_rooms,
          mainiacjoe_overflow_surrounded_room,
          nicolae_overflow_hallway_of_the_gods, grunt_ministairs_2,
          patterned_corridor
D:5:      layout_rooms, amcnicky_altar_gilded
D:6:      minmay_cornered_nines, layout_rooms
D:7:      layout_loops_corners, uniq_prince_ribbit1
D:8:      layout_loops_cross, minmay_lair_entry_grove
D:9:      layout_rooms, kennysheep_orc_monster_closet_entryway,
          gammafunk_ghost_wrathful_warriors, uniq_joseph
D:10:     minmay_the_grid_four_pointed_star_mashed
          [minmay_the_grid_triangle_9x9_wacky_v,
          minmay_the_grid_triangle_9x9_zippers_horizontal,
          minmay_the_grid_triangle_9x9_checkered,
          minmay_the_grid_triangle_9x9_zippers_vertical,
          minmay_the_grid_prize_four_corners_diamond_a], layout_stronghold,
          serial_co_window_serial, co_window_paths_a, co_window_paths_b,
          co_window_paths_a, co_window_of_opportunity_a,
          co_window_of_opportunity_a, co_window_corner_a, co_window_corner_a,
          co_window_corner_a, co_window_paths_a, co_window_broadway_a,
          co_window_corner_ca, co_window_of_opportunity_b, glass_columns_a,
          glass_columns_b, glass_columns_c, glass_columns_b
Temple:   eino_narrow_crystal_temple
Lair:1:   kb_forest_paths, layout_regular_city, basic_altar,
          kennysheep_snail_temple
Lair:2:   layout_small_grid, gauntlet_entry_generic,
          chequers_serial_rivers_large_b, lemuel_oklob_altar
Lair:3:   layout_cave_pods, elwin_shoals_entry_rooms, dummy_snake_entry,
          kennysheep_rathole
Lair:4:   nzn_winding_woodlands_three_and_one
          [nzn_winding_woodlands_5x15_jagged,
          nzn_winding_woodlands_5x15_pockets, nzn_winding_woodlands_5x15_zeroes,
          nzn_winding_woodlands_center_pierced_h], layout_regular_city,
          portal_ice_cave_entry_animals_and_master
Lair:5:   evilmike_catoblepas_cave, layout_regular_city, slime_entry_2,
          basic_altar, chequers_serial_rivers_room_a, pond

Skill      XL: |  1  2  3  4  5  6  7  8  9 10 11 12 13 |
---------------+----------------------------------------+-----
Spellcasting   | 5 6 7 8 9 10 | 10.6
Invocations    | 1 2 3 4 5 7 8 9 10 | 10.2
Short Blades   | 1 2 3 6 7 8 9 |  9.3
Long Blades    | 1 2 3 6 7 8 9 |  9.3
Maces & Flails | 1 2 3 6 7 8 9 |  9.3
Polearms       | 1 2 3 6 7 8 9 |  9.3
Staves         | 1 2 3 6 7 8 9 |  9.3
Ranged Weapons | 1 2 3 6 7 8 9 |  9.3
Throwing       | 1 2 3 6 7 8 9 |  9.3
Armour         | 1 2 3 6 7 0 |  0.0
Stealth        | 1 2 3 6 7 8 9 |  9.3
Shields        | 1 2 3 6 7 8 9 |  9.3
Unarmed Combat | 1 2 3 6 7 8 9 |  9.3
Evocations     | 1 2 3 0 |  0.0
Hexes          | 1 2 3 5 6 7 |  7.8
Summonings     | 1 2 3 5 6 7 |  7.8
Necromancy     | 1 2 3 5 6 7 |  7.8
Translocations | 1 2 3 5 6 7 |  7.8
Transmutations | 1 2 3 5 6 7 |  7.8
Fire Magic     | 1 2 3 5 6 7 |  7.8
Ice Magic      | 1 2 3 5 6 7 |  7.8
Air Magic      | 1 2 3 5 6 7 |  7.8
Earth Magic    | 1 2 3 5 6 7 |  7.8
Poison Magic   | 1 2 3 5 6 7 |  7.8
Fighting       | 5 6 8 9 10 | 10.4
Dodging        | 5 6 8 9 10 | 10.4
Axes           | 7 9 10 11 | 11.4
Conjurations   | 6 8 9 |  9.6

Action                   |  1- 3 |  4- 6 |  7- 9 | 10-12 | 13-15 || total
-------------------------+-------+-------+-------+-------+-------++-------
Melee: Hand axe          |   109 |   271 |   548 |    28 |       ||   956
       Bite              |    11 |    30 |    74 |   131 |     9 ||   255
       Punch             |       |     3 |    14 |    16 |       ||    33
       Dagger            |       |       |    94 |   801 |       ||   895
       Short sword       |       |       |       |    43 |       ||    43
       Double sword      |       |       |       |   160 |    56 ||   216
Throw: Dart              |       |       |     3 |     1 |       ||     4
 Cast: Momentum Strike   |       |     7 |     3 |     1 |       ||    11
       Freeze            |       |     2 |       |       |       ||     2
       Kiss of Death     |       |     2 |     3 |     1 |       ||     6
       Hailstorm         |       |     2 |       |     2 |       ||     4
       Teleport Other    |       |       |     1 |     1 |       ||     2
       Frozen Ramparts   |       |       |     6 |     5 |       ||    11
       Fireball          |       |       |     1 |     2 |       ||     3
       Starburst         |       |       |       |     5 |       ||     5
       Manifold Assault  |       |       |       |     2 |       ||     2
Invok: Sacrifice Artific |       |       |     1 |       |       ||     1
       Sacrifice Experie |       |       |     1 |       |       ||     1
       Draw Out Power    |       |       |       |     3 |     2 ||     5
       Sacrifice Health  |       |       |       |     1 |       ||     1
       Sacrifice Durabil |       |       |       |     1 |       ||     1
       Sacrifice Essence |       |       |       |     1 |       ||     1
  Use: Scroll            |       |    16 |     6 |    13 |       ||    35
       Potion            |       |       |     4 |    10 |     1 ||    15
 Stab: Sleeping          |       |     2 |     1 |    22 |       ||    25
       Distracted        |       |       |     1 |    10 |       ||    11
       Petrified         |       |       |     5 |       |       ||     5
       Petrifying        |       |       |     1 |       |       ||     1
       Invisible         |       |       |       |     4 |     4 ||     8
       Paralysed         |       |       |       |     1 |       ||     1
Armor: Leather armour    |    31 |    54 |   179 |   266 |    13 ||   543
Dodge: Dodged            |    63 |   150 |   341 |   481 |    22 ||  1057
Block: Buckler           |       |       |       |   131 |    15 ||   146

Table legend: (Time is in decaauts)
 A = Elapsed time spent in this place.
 B = Non-inter-level travel time spent in this place.
 C = Inter-level travel time spent in this place.
 D = Time resting spent in this place.
 E = Time spent auto-exploring this place.
 F = Levels seen in this place.
 G = Mean time per level.
                   A        B        C        D        E       F      G
               +--------+--------+--------+--------+--------+-----+--------+
         Total |  21834 |  21037 |    797 |   4084 |  12348 |  18 | 1213.0 |
       Dungeon |  12438 |  11799 |    639 |   2481 |   6582 |  10 | 1243.8 |
        Temple |     55 |     34 |     21 |      0 |     29 |   1 |   55.0 |
          Lair |   8260 |   8123 |    137 |    931 |   5737 |   5 | 1652.0 |
      Ice Cave |    552 |    552 |      0 |    421 |      0 |   1 |  552.0 |
      Gauntlet |    528 |    528 |      0 |    250 |      0 |   1 |  528.0 |
               +--------+--------+--------+--------+--------+-----+--------+

Top non-repeatable levels by time:
  Lair:1: 2365 daAuts
  Lair:3: 2132 daAuts
     D:8: 1904 daAuts
     D:7: 1832 daAuts
  Lair:4: 1671 daAuts
     D:5: 1411 daAuts
     D:2: 1365 daAuts
  Lair:2: 1271 daAuts
     D:9: 1227 daAuts
     D:6: 1199 daAuts
     D:1: 1105 daAuts
     D:3: 1079 daAuts
     D:4: 1008 daAuts
  Lair:5: 820 daAuts
   IceCv: 552 daAuts
